 Dungeon Crawl Stone Soup version 0.30.1-11-g7821555f0a (webtiles) character file.

Game seed: 4304807580004628150

112 Okkudo the Chopper (level 4, -1/58 HPs)
             Began as a Hill Orc Monk on Dec 4, 2023.
             Was a Believer of Beogh.
             Slain by an orc priest
             ... wielding a +0 flail of protection
              (6 damage)
             ... on level 3 of the Dungeon.
             The game lasted 00:04:42 (1701 turns).

Okkudo the Chopper (Hill Orc Monk)                  Turns: 1701, Time: 00:04:43

Health: -1/58      AC: 22    Str: 15    XL:     4   Next: 95%
Magic:  4/4        EV:  2    Int: 10    God:    Beogh [**....]
Gold:   118        SH:  0    Dex: 13    Spells: 3/3 levels left

rFire   . . .        a - +0 hand axe
rCold   . . .        d - orb {light}
rNeg    . . .        k - melded +0 leather armour
rPois   +            (helmet currently unavailable)
rElec   .            (cloak currently unavailable)
rCorr   +            (gloves currently unavailable)
SInv    .            (boots currently unavailable)
Will    .....        (no amulet)
Stlth   +            o - ring of resist corrosion
HPRegen 0.29/turn    (no ring)
MPRegen 0.09/turn

%: no passive effects
@: tree-form, glowing
A: stationary, stasis, torment immunity, boosted hp
a: Renounce Religion, Smiting


You were on level 3 of the Dungeon.
You worshipped Beogh.
Beogh was pleased with you.
You were a tree.
You visited 1 branch of the dungeon, and saw 3 of its levels.

You collected 118 gold pieces.

Inventory:

Hand Weapons
 a - a +0 hand axe (weapon)
Armour
 d - an orb of light (worn)
 k - a +0 leather armour (melded)
Jewellery
 o - a ring of resist corrosion (left branch)
 p - an amulet of regeneration
Scrolls
 e - a scroll of fog {unknown}
 f - a scroll of noise {unknown}
 i - a scroll of fear {unknown}
 j - 3 scrolls of identify {unknown}
 l - 2 scrolls of torment {unknown}
 n - a scroll of magic mapping {unknown}
Potions
 b - a potion of degeneration {unknown}
 c - a potion of ambrosia
 g - a potion of mutation {unknown}
 h - a potion of lignification
 m - 2 potions of curing {unknown}
 q - a potion of cancellation {unknown}


   Skills:
 - Level 3.6 Fighting
 * Level 7.2 Axes
 - Level 2.4 Dodging


You had 3 spell levels left.
You didn't know any spells.
Your spell library contained the following spells:

 Spells                   Type           Power      Damage    Failure   Level
 Ignite Poison            Fire/Tmut/Pois 0%         N/A       75%         3
 Inner Flame              Hex/Fire       0%         N/A       75%         3
 Sticky Flame             Conj/Fire      0%         2d3       98%         4
 Blade Hands              Tmut           0%         N/A       100%        5
 Irradiate                Conj/Tmut      0%         3d11      100%        5
 Yara's Violent Unravell  Hex/Tmut       0%         3d3       100%        5
 Dragon Form              Tmut           0%         N/A       100%        7
 Enfeeble                 Hex            0%         N/A       100%        7
 Ignition                 Fire           0%         3d3       100%        8


Dungeon Overview and Level Annotations

Branches:
Dungeon (3/15)

Altars:


Message History

The orc hits you with a +0 hand axe.
An orc comes into view. It is wielding a +0 war axe.
The orc shouts!
You slash the orc!
You kill the orc!
Beogh accepts your kill.
The orc priest begins to cast a cantrip, but forgets the words!
The orc priest miscasts a cantrip.
You see here a +0 hand axe.
You see here a +0 hand axe.
The orc hits you with a +0 war axe.
You barely miss the orc. The orc hits you with a +0 war axe!
You hit the orc.
The orc is almost dead.
You hit the orc but do no damage.
The orc is almost dead.
The orc barely misses you.
You hit the orc.
You kill the orc!
Beogh accepts your kill.
You see here a +0 war axe.
You hit the orc priest but do no damage.
The orc priest calls down the wrath of Beogh upon you.
Beogh smites you!
You hit the orc priest but do no damage.
The orc priest hits you but does no damage.
You hit the orc priest but do no damage.
The orc priest barely misses you.
You hit the orc priest but do no damage.
The orc priest hits you with a +0 flail of protection!
* * * LOW HITPOINT WARNING * * *
You hit the orc priest but do no damage.
The orc priest hits you with a +0 flail of protection.
* * * LOW HITPOINT WARNING * * *
It was a potion of lignification.
You turn into a tree.
Your +0 leather armour melds into your body.
Your roots penetrate the ground.
The orc priest hits you with a +0 flail of protection.
You die...
Beogh appreciates the orc priest's killing of a heretic priest.

#....~~~~~~~≈~≈≈~~~≈≈~~†....~≈
#.....P...$............)......
..............................
#.......)...#########.........
#.########...###### #.######..
#....#...>..# #.# +..
+....#......# #.# #..
###....##o....###.# #..
.........♣..†.....##.####.
##.....##.................
................####.###..
##o.#........#..# # +.. ..#
##..#...##..# #.. o
....#....#..# #.o
#...###..#... #...# #..
...##.## ....### .. ... .....
#


You could see an orc priest and a neutral orc (wandering).

Vanquished Creatures
  A gnoll (D:3)
  3 adders
  2 dart slugs
  5 orcs (D:3)
  2 endoplasms
  5 giant cockroaches
  4 goblins (D:1)
  5 hobgoblins (D:1)
  7 jackals
  3 kobolds
  2 quokkas (D:3)
  4 ball pythons
  4 bats
  2 frilled lizards (D:2)
  5 rats
54 creatures vanquished.

Vanquished Creatures (others)
  An orc priest (D:3)
  3 gnolls (D:3)
  An adder (D:3)
  A ball python (D:3)
6 creatures vanquished.

Grand Total: 60 creatures vanquished

Notes
Turn   | Place    | Note
-------+----------+-------------------------------------------
     0 | D:1      | Okkudo the Hill Orc Monk began the quest for the Orb.
     0 | D:1      | Reached XP level 1. HP: 19/19 MP: 1/1
   112 | D:1      | Reached XP level 2. HP: 23/26 MP: 2/2
   274 | D:1      | Reached skill level 5 in Axes
   399 | D:1      | Reached XP level 3. HP: 27/31 MP: 3/3
   716 | D:2      | Reached skill level 6 in Axes
   844 | D:2      | Reached XP level 4. HP: 10/39 MP: 4/4
  1465 | D:3      | Became a worshipper of Beogh the Brigand
  1465 | D:3      | Reached * piety under Beogh
  1465 | D:3      | Reached ** piety under Beogh
  1484 | D:3      | Reached skill level 7 in Axes
  1701 | D:3      | Slain by an orc priest

Illustrated notes

Levels and vault maps discovered:
D:1:      nagdon_arrival_zigzag_paths, layout_rooms, minmay_tromino_i2
D:2:      layout_rooms
D:3:      lemuel_castle_with_subvaults [lemuel_castle_interior_carwin_2],
          layout_basic

Skill      XL: |  1  2  3  4 |
---------------+-------------+-----
Axes           | 5 6 7 |  7.2
Fighting       | |  3.6
Dodging        | |  2.4

Action                     |  1- 3 |  4- 6 || total
---------------------------+-------+-------++-------
  Melee: Hand axe          |    87 |    59 ||   146
 Invoke: Convert to Beogh  |       |     1 ||     1
    Use: Potion            |       |     1 ||     1
 Armour: Robe              |     6 |       ||     6
         Leather armour    |     9 |    15 ||    24
  Dodge: Dodged            |    59 |    40 ||    99
